 Dungeon Crawl Stone Soup version 0.19.0-9-gfd783f2 (webtiles) character file.

49 Inkary the Ruffian (level 3, 0/28 HPs)
             Began as a Demonspawn Gladiator on Nov 7, 2016.
             Killed from afar by Ijyb (6 damage)
             ... with a wand of flame
             ... on level 2 of the Dungeon.
             The game lasted 00:02:45 (1839 turns).

Inkary the Ruffian (Demonspawn Gladiator)           Turns: 1839, Time: 00:02:46

Health: 0/28       AC:  6    Str: 15    XL:     3   Next: 51%
Magic:  3/3        EV: 13    Int:  9    God:
Gold:   123        SH:  0    Dex: 14    Spells: 0 memorised, 2 levels left

rFire  . . .     SeeInvis .       - Unarmed
rCold  + . .     Gourm    .     a - +0 leather armour
rNeg   . . .     Faith    .     (no shield)
rPois  .         Spirit   .     b - +0 helmet
rElec  .         Reflect  .     (no cloak)
rCorr  .         Harm     .     (no gloves)
MR     .....                    (no boots)
Stlth  +.........               (no amulet)
                                (no ring)
                                (no ring)

@: confused
A: thin metallic scales 1, cold resistance 1
a: no special abilities


You were on level 2 of the Dungeon.
You were not hungry.

You visited 1 branch of the dungeon, and saw 2 of its levels.

You collected 123 gold pieces.

Inventory:

Missiles
 c - 3 throwing nets (quivered)
Armour
 a - a +0 leather armour (worn)
 b - a +0 helmet (worn)
Jewellery
 h - a +4 ring of intelligence {unknown}
 k - an uncursed ring of stealth {unknown}
Scrolls
 e - 2 scrolls of immolation {unknown}
 g - 5 scrolls of identify {unknown}
 j - 3 scrolls of amnesia {unknown}
 l - a scroll of teleportation {unknown}
 m - a scroll of remove curse {unknown}
Potions
 i - a potion of magic {unknown}
Comestibles
 d - 2 bread rations
 f - 2 meat rations


   Skills:
 + Level 2.7 Fighting
 - Level 1.7 Throwing
 + Level 0.1 Armour
 + Level 3.1 Dodging
 + Level 0.2 Stealth
 * Level 3.3 Unarmed Combat


You had 2 spell levels left.
You didn't know any spells.

Dungeon Overview and Level Annotations

Branches:
Dungeon (2/15)

Altars:
Qazlal

Annotations:
D:2 Ijyb


Innate Abilities, Weirdness & Mutations

You are partially covered in thin metallic scales. (AC +2)
Your flesh is cold resistant. (rC+)


Message History

You are too injured to fight recklessly!
You barely miss Ijyb. You barely miss Ijyb.
Ijyb hits you with an enchanted club.
* * * LOW HITPOINT WARNING * * *
Sorry, you're not good enough to have a special ability.
You hit Ijyb.
Ijyb is lightly wounded.
Ijyb closely misses you.
You hit Ijyb but do no damage.
Ijyb is lightly wounded.
Ijyb zaps a wand.
The puff of flame misses you.
It is a wand of flame.
You hit Ijyb but do no damage.
Ijyb is lightly wounded.
Ijyb hits you with an enchanted club.
* * * LOW HITPOINT WARNING * * *
You aren't carrying any items that you can evoke.
It was a potion of ambrosia.
You are confused.
You feel invigorated.
Ijyb zaps a wand.
The puff of flame hits you!
You die...

###≈≈..# ####
##≈≈≈.g+ +..##+##
.#≈≈≈..# #..#...#
.≈≈#########..#...#
.≈≈#..).......#...#
...'..........#...#
...'..).......#...#
...'..........#)g.#
#≈≈#..........#.@.#
#≈≈#########..##''#
##≈≈ #......# #≈≈≈
+.....(# ##≈≈.
#......# ##
########


You could see Ijyb.

Vanquished Creatures
  A dart slug (D:1)
  3 leopard geckos (D:1)
  6 goblins
  7 hobgoblins
  3 jackals (D:2)
  5 bats
  4 frilled lizards
  6 kobolds
  6 rats
41 creatures vanquished.

Notes
Turn   | Place    | Note
-------+----------+-------------------------------------------
     0 | D:1      | Inkary the Demonspawn Gladiator began the quest for the Orb.
     0 | D:1      | Reached XP level 1. HP: 16/16 MP: 1/1
   381 | D:1      | Gained mutation: You are partially covered in thin metallic scales. (AC +2) [demonic ancestry]
   381 | D:1      | Reached XP level 2. HP: 2/22 MP: 2/2
  1215 | D:1      | Gained mutation: Your flesh is cold resistant. (rC+) [demonic ancestry]
  1215 | D:1      | Reached XP level 3. HP: 26/28 MP: 3/3
  1621 | D:2      | Found a stormy altar of Qazlal.
  1821 | D:2      | Noticed Ijyb
  1838 | D:2      | HP: 1/28 [Ijyb/enchanted club (3)]
  1839 | D:2      | Killed from afar by Ijyb

Skill      XL: |  1  2  3 |
---------------+----------+-----
Unarmed Combat | 3 |  3.3
Dodging        | 3 |  3.1
Fighting       | |  2.7
Throwing       | |  1.7
Armour         | |  0.1
Stealth        | |  0.2

Action                   || total
-------------------------++-------
Melee: Unarmed           ||   178
       Punch             ||     3
  Use: Potion            ||     1
  Eat: Chunk             ||     3
Armor: Leather armour    ||    65
Dodge: Dodged            ||   118
